 Dungeon Crawl Stone Soup version 0.21.1-1-g345015f (webtiles) character file.

2153 tidbits the Magician (level 9, -9/65 HPs)
             Began as a Gnoll Venom Mage on Feb 8, 2018.
             Was a Believer of Cheibriados.
             Mangled by a wolf (11 damage)
             ... on level 8 of the Dungeon.
             The game lasted 00:19:27 (1506 turns).

tidbits the Magician (Gnoll Venom Mage)             Turns: 1506, Time: 00:19:28

Health: -9/65      AC:  2    Str: 17    XL:     9   Next: 31%
Magic:  1/18       EV: 17    Int: 30    God:    Cheibriados [**....]
Gold:   274        SH:  0    Dex: 21    Spells: 8/21 levels left

rFire    . . .     SeeInvis +   b - +2 flail (protect)
rCold    + . .     Gourm    .   (no shield)
rNeg     + . .     Faith    .   B - +0 robe {rC+}
rPois    .         Spirit   .   (no helmet)
rElec    .         Reflect  .   (no cloak)
rCorr    .         Harm     .   (no gloves)
MR       +....                  (no boots)
Stlth    ++++......             (no amulet)
HPRegen  0.20/turn              e - +2 ring of strength
MPRegen  0.16/turn              i - ring of Elomeps {rN+ Slay+2 SInv}

@: brilliant, radiating poison, very slow
A: distributed training, fangs 1, agile 1, magic resistance 1, strong nose
a: Bend Time, Renounce Religion


You were on level 8 of the Dungeon.
You worshipped Cheibriados.
Cheibriados was pleased with you.
You were not hungry.

You visited 1 branch of the dungeon, and saw 8 of its levels.

You collected 274 gold pieces.

Inventory:

Hand Weapons
 a - a +1 dagger of venom
   (You took it off an orc wizard on level 5 of the Dungeon)
 b - a +2 flail of protection (weapon)
   (You took it off Edmund on level 5 of the Dungeon)
 k - a +0 flail
 l - a +0 hunting sling
 o - a +0 war axe
 v - the +7 quarterstaff "Yprame" {speed, MR+ Int+3}
   (You took it off an orc on level 4 of the Dungeon)

   Attacks with this weapon are significantly faster.
   It affects your intelligence (+3).
   It affects your resistance to hostile enchantments.
   Cheibriados disapproves of the use of such an item.
 w - a +0 hunting sling
Missiles
 n - 5 tomahawks (quivered)
 r - 30 sling bullets
 s - 36 arrows
 x - 9 stones
Armour
 g - a +0 robe
 B - a +0 robe of cold resistance (worn)
   (You took it off an orc wizard on level 5 of the Dungeon)
Jewellery
 d - an uncursed ring of flight
   (You found it on level 5 of the Dungeon)
 e - a +2 ring of strength (left hand)
   (You found it on level 1 of the Dungeon)
 i - the ring of Elomeps (right hand) {rN+ Slay+2 SInv}
   (You took it off an orc on level 4 of the Dungeon)

   [ring of see invisible]

   It affects your accuracy and damage with ranged weapons and melee attacks
   (+2).
   It protects you from negative energy.
   It lets you see invisible.
Scrolls
 f - 2 scrolls of immolation
 h - a scroll of enchant weapon
 j - 2 scrolls of fear
 m - a scroll of fog
 q - a scroll of blinking
Potions
 t - a potion of ambrosia
 z - a potion of curing
 A - a potion of magic {unknown}
 C - a potion of invisibility {unknown}
Books
 p - a book of Necromancy
   (You found it on level 4 of the Dungeon)

   Spells                             Type                      Level
   a - Pain                           Necromancy                   1
   b - Animate Skeleton               Necromancy                   1
   c - Vampiric Draining              Necromancy                   3
   d - Regeneration                   Charms/Necromancy            3
   e - Animate Dead                   Necromancy                   4
   f - Borgnjor's Vile Clutch         Necromancy/Earth             5
 y - a Young Poisoner's Handbook

   Spells                             Type                      Level
   a - Sting                          Conjuration/Poison           1
   b - Poisonous Vapours              Poison/Air                   2
   c - Mephitic Cloud                 Conjuration/Poison/Air       3
   d - Olgreb's Toxic Radiance        Poison                       4
   e - Venom Bolt                     Conjuration/Poison           5
Comestibles
 c - 5 rations


   Skills:
 + Level 4.0 Fighting
 + Level 4.0 Short Blades
 + Level 4.0 Long Blades
 + Level 4.0 Axes
 + Level 4.0 Maces & Flails
 + Level 4.0 Polearms
 + Level 4.0 Staves
 + Level 4.0 Slings
 + Level 4.0 Bows
 + Level 4.0 Crossbows
 + Level 4.0 Throwing
 + Level 4.0 Armour
 + Level 6.2 Dodging
 + Level 5.9 Stealth
 + Level 4.0 Shields
 + Level 4.0 Unarmed Combat
 + Level 6.5 Spellcasting
 + Level 4.0 Conjurations
 + Level 3.3 Hexes
 + Level 3.3 Charms
 + Level 3.3 Summonings
 + Level 3.3 Necromancy
 + Level 3.3 Translocations
 + Level 3.3 Transmutations
 + Level 3.3 Fire Magic
 + Level 3.3 Ice Magic
 + Level 3.3 Air Magic
 + Level 3.3 Earth Magic
 + Level 6.4 Poison Magic
 + Level 4.4 Invocations
 + Level 4.0 Evocations


You had 8 spell levels left.
You knew the following spells:

 Your Spells              Type           Power        Failure   Level  Hunger
a - Sting                 Conj/Pois      ####         1%          1    None
m - Mephitic Cloud        Conj/Pois/Air  ######..     1%          3    None
o - Poisonous Vapours     Pois/Air       ######       1%          2    None
r - Regeneration          Chrm/Necr      #####.....   1%          3    None
O - Olgreb's Toxic Radia  Pois           ######..     1%          4    ##.....


Dungeon Overview and Level Annotations

Branches:
Dungeon (8/15)
 Temple: D:4-7         Lair: D:8-11

Altars:
Cheibriados
Dithmenos
Elyvilon
Gozag
Hepliaklqana
Okawaru
Trog
Xom

Shops:
D:4 (   D:5 *

Annotations:
D:5 exclusion: downstairs
D:6 shakethe's ghost, novice DEFE


Innate Abilities, Weirdness & Mutations

Your experience applies equally to all skills.
You have very sharp teeth.
Your uncanny sense of smell can sniff out nearby items.
You are agile. (Dex +2)
You are resistant to hostile enchantments. (MR+)


Message History

Your Crossbows skill increases to level 4!
Your Throwing skill increases to level 4!
Your Armour skill increases to level 4!
Your Dodging skill increases to level 6!
Your Shields skill increases to level 4!
Your Unarmed Combat skill increases to level 4!
Your Conjurations skill increases to level 4!
Your Hexes skill increases to level 3!
Your Charms skill increases to level 3!
Your Summonings skill increases to level 3!
Your Necromancy skill increases to level 3!
Your Translocations skill increases to level 3!
Your Transmutations skill increases to level 3!
Your Fire Magic skill increases to level 3!
Your Ice Magic skill increases to level 3!
Your Air Magic skill increases to level 3!
Your Earth Magic skill increases to level 3!
Your Invocations skill increases to level 4!
Your Evocations skill increases to level 4!
You have reached level 9!
Your experience leads to an increase in your attributes!
Your base attributes are Str 11, Int 20, Dex 15.
Increase (S)trength, (I)ntelligence, or (D)exterity?
You feel clever.
Things that are here:
a giant club x2
The hound barks!
The yak bellows!
The hippogriff screeches!
You hear an angry growl.
The polar bear growls angrily.
Found a spear.
You open the huge gate.
The black bear growls angrily.
The dream sheep bleats!
The black bear growls angrily.
Casting: Poisonous Vapours
Confirm with . or Enter, or press ? or * to list all spells.
You don't know that spell.
The wolf barely misses you. The wolf closely misses you. The wolf bites you.
Unknown command.
Casting: Poisonous Vapours
Confirm with . or Enter, or press ? or * to list all spells.
You begin to radiate toxic energy.
The hound is poisoned. x2
The wolf is poisoned.
The black bear is poisoned. x2; The yak is poisoned.
The hound is poisoned.
The hippogriff is poisoned.
The black bear is poisoned.
The wolf is poisoned.
The dream sheep is poisoned.
The polar bear is poisoned.
The dream sheep is poisoned.
The wolf is poisoned.
The black bear is poisoned.
The yak is poisoned.
The wolf completely misses you.
The hound stops to sniff the ground.
The wolf barely misses you. The wolf bites you.
Unknown command.
Casting: Olgreb's Toxic Radiance
Confirm with . or Enter, or press ? or * to list all spells.
Your toxic radiance grows in intensity.
The hound looks even sicker.
The wolf looks even sicker.
The black bear looks even sicker.
The hippogriff looks even sicker.
The wolf looks even sicker.
The dream sheep looks even sicker. x2; The polar bear is poisoned.
The yak looks even sicker.
The wolf bites you. The hound misses you.
The wolf bites you but does no damage. The wolf barely misses you.
The black bear misses you. x2; The black bear closely misses you.
The wolf barely misses you. The hound barely misses you. The wolf bites you!
* * * LOW HITPOINT WARNING * * *
The wolf closely misses you.
Unknown command.
Unknown command.
Okay, then.
Unknown command.
Okay, then.
Unknown command.
You aren't carrying any items that you can evoke.
Unknown command.
Unknown command.
It was a potion of brilliance.
You feel clever all of a sudden.
The hound looks even sicker. x2; The black bear looks even sicker.
The yak looks even sicker.
The dream sheep looks even sicker. x2
The polar bear looks even sicker.
The wolf looks even sicker.
The black bear looks even sicker.
The yak looks even sicker.
You kill the hound!
Cheibriados thoroughly appreciates the change of pace.
The wolf bites you!
* * * LOW HITPOINT WARNING * * *
The wolf closely misses you. The black bear bites you.
* * * LOW HITPOINT WARNING * * *
The black bear closely misses you. The black bear claws you.
* * * LOW HITPOINT WARNING * * *
The wolf closely misses you.
Casting: Olgreb's Toxic Radiance
Confirm with . or Enter, or press ? or * to list all spells.
Your toxic radiance grows in intensity.
The yak is poisoned.
The wolf looks even sicker.
The black bear looks even sicker.
The black bear looks as sick as possible!
The dream sheep looks as sick as possible!
The polar bear looks even sicker. x2; The wolf looks even sicker.
The wolf stops to sniff the ground.
The wolf misses you. The wolf completely misses you.
The wolf closely misses you. The dream sheep bites you!
* * * LOW HITPOINT WARNING * * *
The black bear misses you. The black bear barely misses you.
The black bear completely misses you. The wolf bites you.
* * * LOW HITPOINT WARNING * * *
The wolf barely misses you. The wolf bites you!
You die...

########## ....
#........#
.....##........#∆
.......#........#
.......#.YH.....#
#.##..#hhhY....#
#.....###YYhh###. .
###.......hhYh..... ...
..........h@h...)..
.....###........h......
.......<....##########.
.....###.#......... ∆
.........)......... ∆
.....###........... ..
......####... ###....#
.. .....# .


You could see 2 polar bears, a hippogriff, 3 yaks, 4 black bears, 3 wolves, 2
dream sheep and 2 hounds.

Vanquished Creatures
  A two-headed ogre (D:8)
  The ghost of IjonTichy1 the Skirmisher, an amateur HOWn (D:4)
  A hungry ghost (D:4)
  Edmund (D:5)
  An ice beast (D:4)
  3 ogres (D:5)
  A phantom (D:4)
  2 centaurs (D:5)
  A scorpion (D:5)
  A crimson imp (D:5)
  2 orc priests
  A hound (D:8)
  3 orc wizards
  An iguana (D:6)
  2 worker ants
  A hound skeleton (D:4)
  A hound zombie (D:5)
  A howler monkey zombie (D:5)
  3 adders
  A shadow imp (D:5)
  An ooze (D:2)
  An adder skeleton (D:5)
  2 worms
  2 dart slugs
  3 leopard geckos
  6 orcs
  A giant cockroach (D:2)
  6 goblins
  9 hobgoblins
  2 jackals (D:2)
  9 bats
  3 frilled lizards
  2 kobolds (D:2)
  2 rats (D:3)
  A fungus (D:5)
79 creatures vanquished.

Vanquished Creatures (others)
  A fungus (D:5)
1 creature vanquished.

Grand Total: 80 creatures vanquished

Notes
Turn   | Place    | Note
-------+----------+-------------------------------------------
     0 | D:1      | tidbits the Gnoll Venom Mage began the quest for the Orb.
     0 | D:1      | Reached XP level 1. HP: 13/13 MP: 6/6
    26 | D:1      | Reached skill level 2 in Conjurations
    60 | D:2      | Reached XP level 2. HP: 19/19 MP: 1/7
    64 | D:2      | Learned a level 2 spell: Poisonous Vapours
   255 | D:2      | Found an iron altar of Okawaru.
   255 | D:2      | Found a bloodstained altar of Trog.
   267 | D:2      | Reached skill level 5 in Spellcasting
   267 | D:2      | Reached XP level 3. HP: 16/25 MP: 0/9
   319 | D:2      | Learned a level 3 spell: Mephitic Cloud
   342 | D:2      | Reached skill level 1 in Invocations
   428 | D:3      | Found a shadowy altar of Dithmenos.
   461 | D:3      | Reached skill level 1 in Fighting
   461 | D:3      | Reached skill level 1 in Short Blades
   461 | D:3      | Reached skill level 1 in Long Blades
   461 | D:3      | Reached skill level 1 in Axes
   461 | D:3      | Reached skill level 1 in Maces & Flails
   461 | D:3      | Reached skill level 1 in Polearms
   461 | D:3      | Reached skill level 1 in Staves
   461 | D:3      | Reached skill level 1 in Slings
   461 | D:3      | Reached skill level 1 in Bows
   461 | D:3      | Reached skill level 1 in Crossbows
   461 | D:3      | Reached skill level 1 in Throwing
   461 | D:3      | Reached skill level 1 in Armour
   461 | D:3      | Reached skill level 1 in Shields
   461 | D:3      | Reached skill level 1 in Unarmed Combat
   461 | D:3      | Reached skill level 1 in Evocations
   461 | D:3      | Reached XP level 4. HP: 19/32 MP: 2/11
   490 | D:3      | Found a snail-covered altar of Cheibriados.
   497 | D:3      | Became a worshipper of Cheibriados the Contemplative
   532 | D:4      | Learned a level 4 spell: Olgreb's Toxic Radiance
   536 | D:4      | Learned a level 3 spell: Regeneration
   559 | D:4      | Noticed a hungry ghost
   575 | D:4      | Killed a hungry ghost
   575 | D:4      | Reached skill level 1 in Hexes
   575 | D:4      | Reached skill level 1 in Charms
   575 | D:4      | Reached skill level 1 in Summonings
   575 | D:4      | Reached skill level 1 in Necromancy
   575 | D:4      | Reached skill level 1 in Translocations
   575 | D:4      | Reached skill level 1 in Transmutations
   575 | D:4      | Reached skill level 1 in Fire Magic
   575 | D:4      | Reached skill level 1 in Ice Magic
   575 | D:4      | Reached skill level 1 in Air Magic
   575 | D:4      | Reached skill level 1 in Earth Magic
   575 | D:4      | Reached XP level 5. HP: 18/37 MP: 12/12
   578 | D:5      | Entered Level 5 of the Dungeon
   604 | D:4      | Noticed IjonTichy1's ghost (amateur HOWn)
   620 | D:4      | HP: 3/37 [IjonTichy1's ghost (2)]
   621 | D:4      | Killed IjonTichy1's ghost
   621 | D:4      | Reached skill level 2 in Fighting
   621 | D:4      | Reached skill level 2 in Short Blades
   621 | D:4      | Reached skill level 2 in Long Blades
   621 | D:4      | Reached skill level 2 in Axes
   621 | D:4      | Reached skill level 2 in Maces & Flails
   621 | D:4      | Reached skill level 2 in Polearms
   621 | D:4      | Reached skill level 2 in Staves
   621 | D:4      | Reached skill level 2 in Slings
   621 | D:4      | Reached skill level 2 in Bows
   621 | D:4      | Reached skill level 2 in Crossbows
   621 | D:4      | Reached skill level 2 in Throwing
   621 | D:4      | Reached skill level 2 in Armour
   621 | D:4      | Reached skill level 5 in Dodging
   621 | D:4      | Reached skill level 2 in Shields
   621 | D:4      | Reached skill level 2 in Unarmed Combat
   621 | D:4      | Reached skill level 2 in Invocations
   621 | D:4      | Reached skill level 2 in Evocations
   621 | D:4      | Reached XP level 6. HP: 3/44 MP: 14/14
   627 | D:4      | Found Jihoatai's Antique Weapon Boutique.
   652 | D:4      | Reached XP level 7. HP: 10/50 MP: 12/15
   751 | D:6      | Noticed shakethe's ghost (novice DEFE)
   821 | D:5      | Noticed Edmund
   846 | D:5      | Killed Edmund
   846 | D:5      | Reached skill level 3 in Conjurations
   846 | D:5      | Reached skill level 2 in Hexes
   846 | D:5      | Reached skill level 2 in Charms
   846 | D:5      | Reached skill level 2 in Summonings
   846 | D:5      | Reached skill level 2 in Necromancy
   846 | D:5      | Reached skill level 2 in Translocations
   846 | D:5      | Reached skill level 2 in Transmutations
   846 | D:5      | Reached skill level 2 in Fire Magic
   846 | D:5      | Reached skill level 2 in Ice Magic
   846 | D:5      | Reached skill level 2 in Air Magic
   846 | D:5      | Reached skill level 2 in Earth Magic
   946 | D:4      | Reached skill level 5 in Stealth
   946 | D:4      | Reached skill level 3 in Invocations
   962 | D:4      | Got a serpentine steel ring
   964 | D:4      | Identified the ring of Elomeps {rN+ Slay+2 SInv} (You took it off an orc on level 4 of the Dungeon)
   967 | D:4      | Got a jewelled quarterstaff {speed}
   968 | D:4      | Identified the +7 quarterstaff "Yprame" {speed, MR+ Int+3} (You took it off an orc on level 4 of the Dungeon)
   989 | D:4      | Reached * piety under Cheibriados
   995 | D:4      | Reached XP level 8. HP: 26/57 MP: 4/16
  1020 | D:4      | Reached skill level 6 in Poison Magic
  1124 | D:5      | Found a shimmering altar of Xom.
  1142 | D:5      | Reached skill level 3 in Fighting
  1142 | D:5      | Reached skill level 3 in Short Blades
  1142 | D:5      | Reached skill level 3 in Long Blades
  1142 | D:5      | Reached skill level 3 in Axes
  1142 | D:5      | Reached skill level 3 in Maces & Flails
  1142 | D:5      | Reached skill level 3 in Polearms
  1142 | D:5      | Reached skill level 3 in Staves
  1142 | D:5      | Reached skill level 3 in Slings
  1142 | D:5      | Reached skill level 3 in Bows
  1142 | D:5      | Reached skill level 3 in Crossbows
  1142 | D:5      | Reached skill level 3 in Throwing
  1142 | D:5      | Reached skill level 3 in Armour
  1142 | D:5      | Reached skill level 3 in Shields
  1142 | D:5      | Reached skill level 3 in Unarmed Combat
  1142 | D:5      | Reached skill level 3 in Evocations
  1185 | D:5      | Reached skill level 6 in Spellcasting
  1240 | D:5      | HP: 4/58 [orc priest/divine providence (15)]
  1256 | D:5      | HP: 2/58 [ogre/giant club (25)]
  1296 | D:5      | Found Gozag's Platinum Reserve.
  1297 | D:5      | Found an opulent altar of Gozag.
  1304 | D:5      | Reached ** piety under Cheibriados
  1390 | D:6      | Found a hazy altar of Hepliaklqana.
  1406 | D:6      | Gained mutation: You are agile. (Dex +2) [potion of mutation]
  1406 | D:6      | Gained mutation: You are resistant to hostile enchantments. (MR+) [potion of mutation]
  1416 | D:6      | Found a white marble altar of Elyvilon.
  1482 | D:8      | Noticed a two-headed ogre
  1483 | D:8      | Found a huge runed gate.
  1483 | D:8      | Noticed a polar bear
  1493 | D:8      | Noticed a dream sheep
  1494 | D:8      | Killed a two-headed ogre
  1494 | D:8      | Reached skill level 4 in Fighting
  1494 | D:8      | Reached skill level 4 in Short Blades
  1494 | D:8      | Reached skill level 4 in Long Blades
  1494 | D:8      | Reached skill level 4 in Axes
  1494 | D:8      | Reached skill level 4 in Maces & Flails
  1494 | D:8      | Reached skill level 4 in Polearms
  1494 | D:8      | Reached skill level 4 in Staves
  1494 | D:8      | Reached skill level 4 in Slings
  1494 | D:8      | Reached skill level 4 in Bows
  1494 | D:8      | Reached skill level 4 in Crossbows
  1494 | D:8      | Reached skill level 4 in Throwing
  1494 | D:8      | Reached skill level 4 in Armour
  1494 | D:8      | Reached skill level 6 in Dodging
  1494 | D:8      | Reached skill level 4 in Shields
  1494 | D:8      | Reached skill level 4 in Unarmed Combat
  1494 | D:8      | Reached skill level 4 in Conjurations
  1494 | D:8      | Reached skill level 3 in Hexes
  1494 | D:8      | Reached skill level 3 in Charms
  1494 | D:8      | Reached skill level 3 in Summonings
  1494 | D:8      | Reached skill level 3 in Necromancy
  1494 | D:8      | Reached skill level 3 in Translocations
  1494 | D:8      | Reached skill level 3 in Transmutations
  1494 | D:8      | Reached skill level 3 in Fire Magic
  1494 | D:8      | Reached skill level 3 in Ice Magic
  1494 | D:8      | Reached skill level 3 in Air Magic
  1494 | D:8      | Reached skill level 3 in Earth Magic
  1494 | D:8      | Reached skill level 4 in Invocations
  1494 | D:8      | Reached skill level 4 in Evocations
  1494 | D:8      | Reached XP level 9. HP: 49/65 MP: 10/18
  1495 | D:8      | Found a huge runed gate.
  1496 | D:8      | Found a huge runed gate.
  1497 | D:8      | Found a huge runed gate.
  1498 | D:8      | Noticed a polar bear
  1506 | D:8      | HP: 4/65 [dream sheep (12)]
  1506 | D:8      | Mangled by a wolf

Skill      XL: |  1  2  3  4  5  6  7  8 |
---------------+-------------------------+-----
Conjurations   | 2 3 4 |  4.0
Spellcasting   | 5 6 |  6.5
Invocations    | 1 2 3 4 |  4.4
Fighting       | 1 2 4 |  4.0
Short Blades   | 1 2 4 |  4.0
Long Blades    | 1 2 4 |  4.0
Axes           | 1 2 4 |  4.0
Maces & Flails | 1 2 4 |  4.0
Polearms       | 1 2 4 |  4.0
Staves         | 1 2 4 |  4.0
Slings         | 1 2 4 |  4.0
Bows           | 1 2 4 |  4.0
Crossbows      | 1 2 4 |  4.0
Throwing       | 1 2 4 |  4.0
Armour         | 1 2 4 |  4.0
Shields        | 1 2 4 |  4.0
Unarmed Combat | 1 2 4 |  4.0
Evocations     | 1 2 4 |  4.0
Hexes          | 1 2 3 |  3.3
Charms         | 1 2 3 |  3.3
Summonings     | 1 2 3 |  3.3
Necromancy     | 1 2 3 |  3.3
Translocations | 1 2 3 |  3.3
Transmutations | 1 2 3 |  3.3
Fire Magic     | 1 2 3 |  3.3
Ice Magic      | 1 2 3 |  3.3
Air Magic      | 1 2 3 |  3.3
Earth Magic    | 1 2 3 |  3.3
Dodging        | 5 6 |  6.2
Stealth        | 5 |  5.9
Poison Magic   | 6 |  6.4

Action                   |  1- 3 |  4- 6 |  7- 9 || total
-------------------------+-------+-------+-------++-------
Melee: Unarmed           |    10 |       |       ||    10
       Flail             |    17 |    30 |   114 ||   161
       Bite              |     2 |     5 |    16 ||    23
       Dagger            |       |       |    27 ||    27
Throw: Tomahawk          |       |       |    13 ||    13
 Cast: Sting             |    38 |       |     8 ||    46
       Poisonous Vapours |     5 |     1 |    35 ||    41
       Regeneration      |       |       |     3 ||     3
       Olgreb's Toxic Ra |       |       |     3 ||     3
Invok: Bend Time         |       |       |     1 ||     1
  Use: Scroll            |     4 |       |     7 ||    11
       Potion            |     3 |     3 |     4 ||    10
 Stab: Distracted        |       |     1 |       ||     1
       Sleeping          |       |       |     5 ||     5
  Eat: Ration            |       |     1 |       ||     1
       Chunk             |       |       |     3 ||     3
Armor: Robe              |    11 |     4 |    24 ||    39
Dodge: Dodged            |    35 |    29 |   130 ||   194

Table legend:
 A = Turns spent in this place as a percentage of turns spent in the entire game.
 B = Non-inter-level travel turns spent in this place as a percentage of non-inter-level travel turns spent in the entire game.
 C = Inter-level travel turns spent in this place as a percentage of turns spent in this place.
 D = Turns resting spent in this place as a percentage of non-inter-level travel turns spent in this place.
 E = Turns spent auto-exploring this place as a percentage of non-inter-level travel turns spent in this place.
 F = Non-inter-level travel turns spent in this place divided by the number of levels of this place that you've seen.
                   A       B       C       D       E      F
               +-------+-------+-------+-------+-------+----------------------
         Total | 100.0 | 100.0 |   1.9 |   0.0 |   0.0 | 184.6
       Dungeon | 100.0 | 100.0 |   1.9 |   0.0 |   0.0 | 184.6
               +-------+-------+-------+-------+-------+----------------------

Table legend:
 A = Kills in this place as a percentage of kills in entire the game.
 B = Kills by you in this place as a percentage of kills by you in the entire game.
 C = Kills by friends in this place as a percentage of kills by friends in the entire game.
 D = Other kills in this place as a percentage of other kills in the entire game.
 E = Experience gained in this place as a percentage of experience gained in the entire game.
 F = Experience gained in this place divided by the number of levels of this place that you have seen.
                   A       B       C       D       E      F
               +-------+-------+-------+-------+-------+----------------------
         Total | 100.0 | 100.0 |   N/A |   N/A | 100.0 | 384.5
       Dungeon | 100.0 | 100.0 |   N/A |   N/A | 100.0 | 384.5
               +-------+-------+-------+-------+-------+----------------------

Vault maps used:
D:1:      dpeg_arrival_fog, roderic_roman_lattice
D:2:      gammafunk_temple_overflow_wave, first_ration,
          chequers_ecumenical_altar_simple
D:3:      marbit_many_paths, cheibriados_altar_1,
          nicolae_dithmenos_through_a_glass_darkly, minmay_misc_feat_columns,
          uniq_sigmund
D:4:      cheibrodos_greedy_goblins, grunt_temple_overflow_growth_and_decay,
          serial_shops, shop
D:5:      xom_teletrap_fun, nicolae_gozag_zags_fifth_avenue,
          minmay_temple_entry_hall, serial_glass, glass_columns_a,
          glass_columns_b, minmay_gold_behind_fungi, uniq_edmund
D:6:      elyvilon_altar_4, nicolae_overflow_crystal_walls
D:7:      fiery_altar_vehumet, yredelemnul_forgotten_temple_becter,
          serial_shops, shop, st_stairs_3
D:8:      lemuel_bear_cage
